 Dungeon Crawl Stone Soup version 0.18.1-48-g4cf74bf (webtiles) character file.

1050 MistressOfTheDunes the Insei (level 8, -4/62 HPs)
             Began as a Mummy Monk on June 27, 2016.
             Slain by a shadow (22 damage)
             ... on level 2 of the Dungeon.
             The game lasted 00:15:50 (22613 turns).

MistressOfTheDunes the Insei (Mummy Monk)          Turns: 22613, Time: 00:15:51

Health: -4/62      AC:  0    Str: 15    XL:     8   Next: 5%
Magic:  8/8        EV: 20    Int:  9    God:
Gold:   159        SH:  5    Dex: 16    Spells: 0 memorised, 7 levels left

rFire  x . .     SeeInvis .       - Unarmed
rCold  + . .     Gourm    .     (no armour)
rNeg   + + +     Faith    .     c - +0 buckler
rPois  ∞         Spirit   .     (no helmet)
rElec  .         Dismiss  .     (no cloak)
rCorr  .         Reflect  .     (no gloves)
SustAt .         Harm     .     (no boots)
MR     +....                    (no amulet)
Stlth  +++.......               b - +5 ring of evasion
                                d - ring of stealth

@: somewhat resistant to hostile enchantments, fairly stealthy
A: no food or potions, fire vulnerability, cold resistance 1, negative energy
resistance 3, torment resistance, unbreathing
a: no special abilities


You were on level 2 of the Dungeon.
You were not hungry.

You visited 1 branch of the dungeon, and saw 5 of its levels.

You collected 159 gold pieces.


Innate Abilities, Weirdness & Mutations

You do not eat or drink.
Your flesh is vulnerable to fire.
You are immune to poison.
Your flesh is cold resistant.
You are immune to negative energy.
You are immune to unholy pain and torment.
You can survive without breathing.


   Skills:
 - Level 5.0 Fighting
 - Level 4.7 Dodging
 - Level 1.5 Stealth
 - Level 4.1 Shields
 + Level 5.0 Unarmed Combat


You had 7 spell levels left.
You didn't know any spells.

Inventory:

Missiles
 j - 4 poisoned needles (quivered)
Armour
 c - a +0 buckler (worn)
Jewellery
 b - a +5 ring of evasion (right hand)
 d - a ring of stealth (left hand)
 f - an uncursed ring of fire
Scrolls
 a - 3 scrolls of identify {@r1}
 e - 3 scrolls of remove curse
 g - 4 scrolls of teleportation {@r4}
 h - a scroll of magic mapping
 i - a scroll of recharging

Dungeon Overview and Level Annotations

Branches:
Dungeon (5/15)             Temple (0/1) D:5

Altars:
Ashenzari
Pakellas
Yredelemnul
The Shining One

Annotations:
D:2 exclusion: upstairs

▒▒.▒▒ ▒▒'▒▒▒▒.... ▒▒▒▒▒▒..▒
▒.▒ ▒.▒▒▒ ▒.......▒▒ ▒.▒ ▒.▒
▒........▒▒▒▒.▒ ▒.▒
▒▒▒▒▒▒▒........).▒▒.▒▒▒▒.▒
▒.....▒......▒...▒▒.▒..▒'▒▒▒
▒.....▒.▒▒▒▒▒▒▒..▒▒.▒.......
▒.....'.▒ ▒.....((..........
▒.....▒▒▒ ▒M▒▒.▒.▒▒.▒.▒.....
▒.....▒ ▒.▒.......▒.......
▒▒▒▒'▒▒ ▒.▒..▒▒W▒.▒.......
▒▒▒▒▒▒.▒ ▒.▒..▒▒.▒.▒..▒▒▒▒▒
▒......▒ ▒.▒..▒▒..)▒...▒
▒.▒▒▒▒▒▒▒▒▒▒▒.▒.▒▒▒▒......▒▒▒▒
▒.▒▒▒▒......▒.▒▒▒▒▒▒..▒▒▒.....
▒...(▒.▒▒▒▒.▒%........).....▒▒
▒▒▒▒.▒.▒▒▒▒.▒▒▒▒▒▒▒▒▒>▒▒▒▒▒.▒▒


There were no monsters in sight!


Message History

You swing at nothing!
You pummel the shadow but do no damage! You block the shadow's attack!
You pulverise the shadow but do no damage!
You block the shadow's attack!
You pound the shadow into fine dust!
The shadow is moderately damaged!
The shadow hits you!
You pummel the shadow like a punching bag!
The shadow is moderately damaged!
The shadow hits you!
You pound the shadow into fine dust!
The shadow is moderately damaged!
The shadow hits you!
You squash the shadow but do no damage!
The shadow is moderately damaged!
You block the shadow's attack!
You pound the shadow but do no damage!
The shadow is moderately damaged!
The shadow slips into darkness!
The shadow flickers and vanishes!!!
Deactivating autopickup; reactivate with Ctrl-A!
The shadow strikes at you from the darkness!!!
DANG * * * don't die
* * * Reactivating autopickup!
The shadow slips into darkness!
The shadow flickers and vanishes!!!
Deactivating autopickup; reactivate with Ctrl-A!
The shadow strikes at you from the darkness!!! rip

Action                   |  1- 3 |  4- 6 |  7- 9 || total
-------------------------+-------+-------+-------++-------
Melee: Unarmed           |   158 |   409 |   235 ||   802
       Punch             |     1 |       |       ||     1
  Use: Scroll            |       |     1 |     3 ||     4
 Stab: Sleeping          |     5 |     5 |     2 ||    12
       Distracted        |       |     1 |     2 ||     3
Dodge: Dodged            |    89 |   241 |   131 ||   461
Block: Buckler           |     6 |    72 |    48 ||   126

Vault maps used:
D:1:      dpeg_arrival_pond
D:2:      ecumenical_altar_1
D:3:      first_bread, st_stairs_4
D:4:      nicolae_ashenzari_panopticon, grunt_temple_overflow_open, tso_altar,
          uniq_grinder
D:5:      minmay_temple_entry_purple_smoke, minmay_misc_feat_encased

Notes
Turn   | Place    | Note
--------------------------------------------------------------
     0 | D:1      | MistressOfTheDunes the Mummy Monk began the quest for the Orb.
     0 | D:1      | Reached XP level 1. HP: 18/18 MP: 1/1
   255 | D:1      | Reached XP level 2. HP: 18/24 MP: 2/2
   692 | D:1      | Reached skill level 4 in Unarmed Combat
   828 | D:1      | Reached XP level 3. HP: 28/29 MP: 3/3
  1038 | D:2      | Reached skill level 1 in Shields
  1904 | D:2      | Reached XP level 4. HP: 30/35 MP: 4/4
  2010 | D:2      | Reached skill level 2 in Shields
  2174 | D:2      | Found a faded altar to an unknown god.
  3048 | D:2      | Found a faded altar to an unknown god.
  3763 | D:3      | Noticed Aelig's ghost (amateur DsSk)
  5508 | D:1      | Reached XP level 5. HP: 36/41 MP: 5/5
 11362 | D:2      | Reached skill level 5 in Unarmed Combat
 12437 | D:1      | Noticed a centaur warrior
 12545 | D:1      | Reached skill level 3 in Shields
 12545 | D:1      | Reached XP level 6. HP: 32/47 MP: 6/6
 14776 | D:1      | Noticed a mottled dragon
 14822 | D:3      | Killed Aelig's ghost
 14822 | D:3      | Reached skill level 4 in Shields
 15108 | D:4      | Found a basalt altar of Yredelemnul.
 15112 | D:4      | Found an oddly glowing altar of Pakellas.
 15182 | D:4      | Reached skill level 3 in Dodging
 15284 | D:4      | Reached XP level 7. HP: 40/52 MP: 7/7
 15378 | D:4      | Found a glowing golden altar of the Shining One.
 15492 | D:4      | Found a shattered altar of Ashenzari.
 15858 | D:4      | Noticed Grinder
 16452 | D:4      | Paralysed by Grinder for 5 turns
 16483 | D:4      | Killed Grinder
 16483 | D:4      | Reached skill level 4 in Dodging
 16642 | D:5      | Entered Level 5 of the Dungeon
 16880 | D:5      | Found a staircase to the Ecumenical Temple.
 17013 | D:5      | Reached skill level 4 in Fighting
 18390 | D:3      | Reached XP level 8. HP: 41/61 MP: 8/8
 19105 | D:2      | Reached skill level 5 in Fighting
 22613 | D:2      | Slain by a shadow

Vanquished Creatures
  Grinder (D:4)
  A sky beast (D:3)
  The ghost of Aelig the Charmwright, an amateur DsSk (D:3)
  3 scorpions
  2 howler monkeys
  A giant frog zombie (D:3)
  2 hounds (D:4)
  An orc wizard (D:4)
  3 worker ants
  7 gnolls
  6 adders
  6 worms
  4 dart slugs
  5 giant geckos
  9 orcs
  7 bats
  6 giant cockroaches
  9 goblins
  14 hobgoblins
  2 jackals (D:1)
  13 kobolds
  3 quokkas
  3 ball pythons
  6 giant newts
  19 rats
134 creatures vanquished.
